 Dungeon Crawl Stone Soup version 0.29-a0-284-gf9362112df (webtiles) character file.

Game seed: 6992045539159683511

12 spaghetti the Sneak (level 2, -2/25 HPs)
             Began as a Demigod Delver on Mar 24, 2022.
             Slain by an orc
             ... wielding a +0 flail
              (6 damage)
             ... on level 5 of the Dungeon.
             The game lasted 00:02:01 (492 turns).

spaghetti the Sneak (Demigod Delver)                 Turns: 492, Time: 00:02:01

Health: -2/25      AC:  3    Str: 13    XL:     2   Next: 9%
Magic:  4/4        EV: 12    Int: 12    God:
Gold:   0          SH:  0    Dex: 15    Spells: 1/1 levels left

rFire   . . .      SeeInvis .   a - +0 falchion {long}
rCold   . . .      Faith    .   (no shield)
rNeg    . . .      Spirit   .   b - +0 leather armour
rPois   .          Reflect  .   (no helmet)
rElec   .          Harm     .   (no cloak)
rCorr   .          Rampage  .   (no gloves)
Will    .....                   (no boots)
Stlth   +++.......              (no amulet)
HPRegen 0.08/turn               (no ring)
MPRegen 0.09/turn               (no ring)

@: attractive
A: high MP 1, forlorn, divine attributes
a: no special abilities


You were on level 5 of the Dungeon.
You visited 1 branch of the dungeon, and saw 2 of its levels.


Innate Abilities, Weirdness & Mutations

You have an increased reservoir of magic. (+10% MP)
You shall have no god before yourself.
Your divine heritage dramatically boosts your attributes as you level up.


   Skills:
 - Level 2.6 Fighting
 - Level 1.7 Long Blades
 + Level 2.6 Dodging
 - Level 4.5 Stealth


You had one spell level left.
You didn't know any spells.
Your spell library contained the following spells:

 Spells                   Type           Power      Damage    Failure   Level
 Blink                    Tloc           0%         N/A       54%         2
 Lesser Beckoning         Tloc           0%         N/A       77%         3
 Manifold Assault         Tloc           0%         N/A       100%        5

Inventory:

Hand Weapons
 a - a +0 falchion (weapon) {long}
Armour
 b - a +0 leather armour (worn)
Wands
 g - a wand of digging (3)
Scrolls
 c - a scroll of fog
 d - a scroll of magic mapping {!r}
Potions
 f - a potion of haste {@q3}
 h - a potion of attraction {!q}

Dungeon Overview and Level Annotations

Branches:
Dungeon (5/15)
 Temple: D:4-7

Shops:
D:5

:= #.# #........... #.#
#.#..###.#.## # ##.#
#h#.#..###....# .# .#.#
#.#.#....#.#..#.## .#.#
#.#.#..#.#.#.....# .#.#
#.#.#..#.#.#..#.##. .#.#
#.#.#......g.......# .#<#
#.#....#.#o##.#.#### .#.#
#.###....@..####### ...#
#........#..#.....#
)################..#.⌠.⌠.#
..................)'..∩..#
##################.#.⌠.⌠.#
#........#.....#
#.##############


You could see a gnoll and an orc.


Message History

An orc is nearby!
You barely miss the orc.
The orc hits you with a +0 short sword. 😕 HP[-3]
You take 3 damage, and now have 15/18 hp.
You hit the orc. The orc hits you but does no damage.
You barely miss the orc.
The orc hits you with a +0 short sword. x2 😮 HP[-4]
You take 4 damage, and now have 11/18 hp.
MASSIVE DAMAGE!! (PAUSE)
You barely miss the orc. The orc hits you with a +0 short sword.
* * * LOW HITPOINT WARNING * * *
😨 HP[-2]
You take 2 damage, and now have 9/18 hp.
You hit the orc. The orc misses you.
You hit the orc.
You kill the orc!
You have reached level 2! 😮 HP[+4] MP[+1]
You now have 25 max hp (+7).
You regained 4 hp, and now have 13/25 hp.
Your mp is fully restored (4).
You start resting. 😎 HP[+12]
Your hp is fully restored (25).
You see here a +0 short sword {short}.
An orc is nearby!
An orc is nearby!
Found Suaddoall's Jewellery Emporium.
The orc hits you but does no damage.
You barely miss the orc. The orc misses you. x2
You hit the orc but do no damage.
The orc hits you with a +0 whip. 😕 HP[-2]
You take 2 damage, and now have 23/25 hp.
You hit the orc. The orc misses you.
You closely miss the orc. The orc barely misses you.
You hit the orc but do no damage. The orc hits you but does no damage.
You hit the orc.
You kill the orc! 😕 HP[+1]
h - 2 bubbling sapphire potions (gained 1)
Things that are here:
a +0 whip {mace}; a +0 ring mail; an orc corpse
There is an open door here.
There is an entrance to Suaddoall's Jewellery Emporium here.
You can't go down here!
There is an entrance to Suaddoall's Jewellery Emporium here.
You can access your shopping list by pressing '$'.
Unknown command.
There is an open door here.
A gnoll comes into view. It is wielding a +0 whip.
A gnoll comes into view. It is wielding a +0 club.
The gnoll moves out of view. 😎 HP[+1]
Your hp is fully restored (25).
The gnoll shouts!
You hear a shout!
You closely miss the gnoll.
The gnoll hits you with a +0 club. 😕 HP[-6]
You take 6 damage, and now have 19/25 hp.
MASSIVE DAMAGE!! (PAUSE)
You barely miss the gnoll.
The gnoll hits you with a +0 club. 😮 HP[-3]
You take 3 damage, and now have 16/25 hp.
You hit the gnoll. The gnoll attacks as you move away!
The gnoll barely misses you. The gnoll attacks as you move away!
The gnoll hits you with a +0 whip. 😮 HP[-3]
You take 3 damage, and now have 13/25 hp.
The gnoll attacks as you move away! The gnoll hits you with a +0 whip.
* * * LOW HITPOINT WARNING * * *
The gnoll attacks as you move away! The gnoll hits you with a +0 club.
* * * LOW HITPOINT WARNING * * *
😱 HP[-9]
You take 9 damage, and now have 4/25 hp.
MASSIVE DAMAGE!! (PAUSE)
As you read the scroll of fear, it crumbles to dust.
You assume a fearsome visage.
The gnoll looks frightened! x2
The gnoll starts to cry. 😱 HP[+1] 😱 HP[+1]
A hound comes into view.
A hound is nearby!
An orc comes into view. It is wielding a +0 flail.
An orc is nearby!
You closely miss the orc.
The orc shouts!
The gnoll shouts!
The orc barely misses you. The orc closely misses you.
You hit the orc.
The orc hits you but does no damage. 😨 HP[+1]
You closely miss the orc. The orc closely misses you.
You barely miss the orc. The orc barely misses you.
You barely miss the orc. The orc misses you.
You closely miss the orc. The orc hits you with a +0 flail.
* * * LOW HITPOINT WARNING * * *
The orc barely misses you. 😱 HP[-3]
You take 3 damage, and now have 4/25 hp.
It was a potion of attraction.
You feel attractive to monsters. The orc hits you with a +0 flail.
You die...

Skill      XL: |  1 |
---------------+----+-----
Dodging        | 2 |  2.6
Fighting       | |  2.6
Long Blades    | |  1.7
Stealth        | |  4.5

Action                   || total
-------------------------++-------
Melee: Falchion          ||    30
  Use: Scroll            ||     1
       Potion            ||     1
Armor: Leather armour    ||     7
Dodge: Dodged            ||    22

Levels and vault maps discovered:
D:4:      layout_loops_ring, old_standard_altar, tgw_xom, serial_shops, shop
D:5:      layout_basic, ebering_ghost_sewer_d, serial_shops, shop,
          kennysheep_little_box, nicolae_shop_behind_doors, shop_fountains,
          uniq_eustachio

Notes
Turn   | Place    | Note
-------+----------+-------------------------------------------
     0 | D:5      | spaghetti the Demigod Delver began the quest for the Orb.
     0 | D:5      | Reached XP level 1. HP: 18/18 MP: 3/3
     0 | D:5      | magus.rc [v1.9.6]
     4 | D:5      | You pick up a book of Spatial Translocations and begin
                  | reading...
     4 | D:5      | You add the spells Blink, Lesser Beckoning and Manifold
                  | Assault to your library.
     8 | D:5      | Found Ipaff's Book Shoppe.
    47 | D:5      | Reached skill level 2 in Dodging
   260 | D:5      | Reached XP level 2. HP: 13/25 MP: 4/4
   417 | D:5      | Found Suaddoall's Jewellery Emporium.
   459 | D:5      | HP: 4/25 [gnoll/+0 club (3)]
   491 | D:5      | HP: 4/25 [orc/+0 flail (3)]
   492 | D:5      | Slain by an orc

Vanquished Creatures
  An ufetubus (D:5)
  2 orcs (D:5)
  A goblin (D:4)
  A hobgoblin (D:4)
5 creatures vanquished.

Table legend:
 A = Non-vault XP
 B = Vault XP
 C = Vault XP percentage of total XP
 D = Non-vault monster count
 E = Vault monster count
 F = Vault count percentage of total count
                 A         B        C        D         E       F
            +---------+---------+-------+---------+---------+-------
      Total |      18 |       0 |   0.0 |       5 |       0 |   0.0
            +---------+---------+-------+---------+---------+-------
        D:4 |       4 |       0 |   0.0 |       2 |       0 |   0.0
        D:5 |      14 |       0 |   0.0 |       3 |       0 |   0.0
            +---------+---------+-------+---------+---------+-------

Illustrated notes

Table legend:
 A = Kills in this place as a percentage of kills in entire the game.
 B = Kills by you in this place as a percentage of kills by you in the entire game.
 C = Kills by friends in this place as a percentage of kills by friends in the entire game.
 D = Other kills in this place as a percentage of other kills in the entire game.
 E = Experience gained in this place as a percentage of experience gained in the entire game.
 F = Experience gained in this place divided by the number of levels of this place that you have seen.
                   A       B       C       D       E      F
               +-------+-------+-------+-------+-------+----------------------
         Total | 100.0 | 100.0 |   N/A |   N/A | 100.0 |   9.0
       Dungeon | 100.0 | 100.0 |   N/A |   N/A | 100.0 |   9.0
               +-------+-------+-------+-------+-------+----------------------

Table legend: (Time is in decaauts)
 A = Elapsed time spent in this place.
 B = Non-inter-level travel time spent in this place.
 C = Inter-level travel time spent in this place.
 D = Time resting spent in this place.
 E = Time spent auto-exploring this place.
 F = Levels seen in this place.
 G = Mean time per level.
                   A        B        C        D        E       F      G
               +--------+--------+--------+--------+--------+-----+--------+
         Total |    499 |    484 |     15 |    201 |    150 |   2 |  249.5 |
       Dungeon |    499 |    484 |     15 |    201 |    150 |   2 |  249.5 |
               +--------+--------+--------+--------+--------+-----+--------+

Top non-repeatable levels by time:
     D:5: 382 daAuts
     D:4: 117 daAuts
